 Dungeon Crawl Stone Soup version 0.30-a0-122-g2a1322497e (webtiles) character file.

Game seed: 7573373244964130101

10250 timneilson the Blocker (level 11, -12/67 HPs)
             Began as a Gargoyle Fighter on Sept 16, 2022.
             Was a High Priest of Okawaru.
             Mangled by a sun demon (16 damage)
             ... on level 11 of the Dungeon.
             The game lasted 00:18:02 (11113 turns).

timneilson the Blocker (Gargoyle Fighter)          Turns: 11113, Time: 00:18:03

Health: -12/67     AC: 32    Str: 23    XL:     11   Next: 59%
Magic:  4/6        EV: 15    Int: 10    God:    Okawaru [*****.]
Gold:   740        SH:  9    Dex: 15    Spells: 10/10 levels left

rFire   . . .      SeeInvis .    C - +2 double sword (freeze)
rCold   + + .      Faith    .    c - +1 buckler
rNeg    + . .      Spirit   .    A - +0 plate armour
rPois   ∞          Reflect  .    B - +0 helmet
rElec   +          Harm     .    p - +1 cloak "Buaxuz" {*Slow rC++ MP-9 Slay+3}
rCorr   .          Rampage  .    j - +0 pair of gloves
Will    .....                    q - +0 pair of boots
Stlth   ..........               (no amulet)
HPRegen 0.21/turn                m - +4 ring of evasion
MPRegen 0.10/turn                D - +6 ring of dexterity

@: heroic
A: sickness immunity, AC +8, negative energy resistance 1, electricity
resistance, torment resistance 1, petrification resistance
a: Renounce Religion, Heroism, Finesse, Duel


You were on level 11 of the Dungeon.
You worshipped Okawaru.
Okawaru was extremely pleased with you.
You visited 2 branches of the dungeon, and saw 12 of its levels.

You collected 740 gold pieces.

Inventory:

Hand Weapons
 g - a +1 scimitar of venom
 C - a +2 double sword of freezing (weapon)
Armour
 c - a +1 buckler (worn)
 j - a +0 pair of gloves (worn)
 p - the +1 cloak "Buaxuz" (worn) {*Slow rC++ MP-9 Slay+3}
   (You found it on level 3 of the Dungeon)

   Slay:      It affects your accuracy & damage with ranged weapons and melee
   (+3).
   rC:        It greatly protects you from cold.
   MP:        It affects your magic capacity (-9).
   *Slow:     It may slow you when you take damage.
 q - a +0 pair of boots (worn)
 A - a +0 plate armour (worn)
 B - a +0 helmet (worn)
Jewellery
 k - a ring of protection from fire
 m - a +4 ring of evasion (left hand)
 z - a ring of see invisible
 D - a +6 ring of dexterity (right hand)
Wands
 b - a wand of quicksilver (4)
 v - a wand of polymorph (11)
Scrolls
 e - a scroll of poison
 f - 2 scrolls of teleportation
 h - 2 scrolls of magic mapping
 i - a scroll of blinking
 n - 3 scrolls of enchant weapon
 y - a scroll of fear
Potions
 d - 3 potions of might
 l - 4 potions of curing
 o - 4 potions of brilliance
 r - 2 potions of flight {unknown}
 s - a potion of degeneration {unknown}
 t - 3 potions of mutation
 u - 3 potions of magic
 w - 2 potions of lignification {unknown}
 x - a potion of berserk rage {unknown}
Miscellaneous
 a - a tin of tremorstones (2/2)


   Skills:
 + Level 7.2(12.2) Fighting
 * Level 7.7(12.7) Long Blades
 * Level 9.6(14.6) Armour
 + Level 4.7(9.7) Dodging
 * Level 9.7(14.7) Shields
 + Level 5.5 Invocations
 + Level 4.4 Evocations


You had 10 spell levels left.
You didn't know any spells.
Your spell library contained the following spells:

 Spells                   Type           Power      Damage    Failure   Level
 Blink                    Tloc           0%         N/A       99%         2
 Confusing Touch          Hex            0%         N/A       100%        3
 Gell's Gravitas          Tloc           0%         N/A       100%        3
 Ignite Poison            Fire/Tmut/Pois 0%         N/A       100%        3
 Mephitic Cloud           Conj/Pois/Air  0%         N/A       100%        3
 Teleport Other           Tloc           0%         N/A       100%        3
 Dispel Undead            Necr           0%         3d6       100%        4
 Manifold Assault         Tloc           0%         N/A       100%        4
 Blade Hands              Tmut           0%         N/A       100%        5
 Freezing Cloud           Conj/Ice/Air   0%         6-21      100%        5
 Irradiate                Conj/Tmut      0%         3d11      100%        5
 Yara's Violent Unravell  Hex/Tmut       0%         3d3       100%        5
 Dispersal                Tloc           0%         N/A       100%        6
 Dragon Form              Tmut           0%         N/A       100%        7
 Enfeeble                 Hex            0%         N/A       100%        7
 Storm Form               Tmut/Air       0%         N/A       100%        7
 Cigotuvi's Dreadful Rot  Necr/Pois/Air  Unusable   N/A       N/A         2
 Death Channel            Necr           Unusable   N/A       N/A         6

Dungeon Overview and Level Annotations

Branches:
Dungeon (11/15)            Temple (1/1) D:4            Lair (0/5) D:10
    Orc (0/2) D:10

Altars:
Ashenzari
Cheibriados
Dithmenos
Elyvilon
Fedhas
Gozag
Hepliaklqana
Kikubaaqudgha
Makhleb
Nemelex Xobeh
Okawaru
Qazlal
Ru
Sif Muna
Trog
Uskayaw
Vehumet
Wu Jian
Xom
Yredelemnul
Zin
The Shining One

Annotations:
D:7 1 runed translucent door, purpskrrrp's ghost, novice DgFi
D:8 1 runed translucent door, drugrobin's ghost, novice DgDe
D:10 exclusion: 2 oklob plants


Innate Abilities, Weirdness & Mutations

You are immune to sickness and miasma.
Your stone body is resilient. (AC +8)
You are immune to poison.
You resist negative energy. (rN+)
You are resistant to electric shocks. (rElec)
You are resistant to unholy torment.
You are immune to petrification.


Message History

You block the hellwing's attack.
The quasit bites the demonic plant.
The quasit claws the demonic plant. x2
You slice the hellwing!! You freeze the hellwing!
You kill the hellwing!
Okawaru accepts your kill.
You barely miss the quasit.
A nearby demonic plant withers and dies.
Unknown command.
You closely miss the sun demon.
The quasit bites you but does no damage.
The quasit completely misses you. The quasit closely misses you.
The quasit barely misses you. The quasit closely misses you.
You block the quasit's attack.
You hit the sun demon. You freeze the sun demon.
The sun demon is lightly wounded.
The sun demon hits you!
You are engulfed in flames!!
You block the quasit's attack. x2
The quasit claws you but does no damage.
The quasit bites you but does no damage.
The quasit misses you.
The quasit claws you but does no damage.
You hit the sun demon. You freeze the sun demon.
The sun demon is moderately wounded.
The quasit bites you but does no damage.
You block the quasit's attack. The quasit closely misses you.
You block the sun demon's attack. The quasit barely misses you. x3
You block the quasit's attack. The quasit completely misses you.
You block the quasit's attack. The sun demon hits you!
You are engulfed in flames!!
* * * LOW HITPOINT WARNING * * *
You slash the sun demon! You freeze the sun demon!
The sun demon is heavily wounded.
The quasit misses you.
The quasit claws you but does no damage.
The quasit barely misses you. You block the quasit's attack.
The quasit claws you but does no damage.
The quasit misses you. The sun demon hits you.
* * * LOW HITPOINT WARNING * * *
You are engulfed in flames!
You die...

# .# ♣.##
##+##♣♣§..###
#....P.§.....
#..#.55.§...#
#..#.@3.....#
##..###########
#..............
#......########
#.............
#####+##'###########
#......#.#.........#
#..................#
#..................#


You could see a sun demon and 2 quasits.

Vanquished Creatures
  A centaur warrior (D:10)
  A sun demon (D:11)
  A soul eater (D:11)
  A manticore (D:11)
  Maggie (D:6)
  A kobold demonologist (D:9)
  A hellwing (D:11)
  A troll (D:10)
  Grinder (D:5)
  Prince Ribbit (D:7)
  2 shadows (D:10)
  Sigmund (D:6)
  8 yaks
  A wyvern (D:9)
  2 steam dragons (D:8)
  Menkaure (D:7)
  2 acid dragons
  Duvessa (D:7)
  7 orc warriors
  2 ice beasts
  A black bear (D:4)
  9 centaurs
  2 ogres
  4 phantoms
  A kobold brigand (D:10)
  A gnoll sergeant (D:9)
  6 bullfrogs
  3 scorpions
  8 wights
  Dowan (D:7)
  3 howler monkeys (D:7)
  A quasit (D:11)
  3 jellies
  9 orc priests
  A gnoll bouda (D:8)
  2 hounds (D:6)
  4 iguanas
  8 orc wizards
  Robin (D:2)
  7 adders
  12 gnolls
  A shadow imp (D:7)
  A white imp (D:7)
  2 ufetubi (D:5)
  2 worms
  4 dart slugs
  33 orcs
  4 ball pythons
  7 bats
  5 endoplasms
  5 giant cockroaches
  5 hobgoblins
  14 kobolds
  2 quokkas
  4 frilled lizards
  19 goblins
  3 rats
235 creatures vanquished.

Vanquished Creatures (others)
  A sky beast (D:7)
  2 demonic plants (D:11)
  2 withered plants (D:8)
5 creatures vanquished.

Grand Total: 240 creatures vanquished

Notes
Turn   | Place    | Note
-------+----------+-------------------------------------------
     0 | D:1      | timneilson the Gargoyle Fighter began the quest for the
                  | Orb.
     0 | D:1      | Reached XP level 1. HP: 14/14 MP: 1/1
   225 | D:1      | Found a faded altar of an unknown god.
   244 | D:1      | Reached XP level 2. HP: 19/19 MP: 2/2
   820 | D:2      | Reached XP level 3. HP: 22/23 MP: 3/3
  1356 | D:2      | Identified the -1 helmet of Analysis {Fly Str-5 Int+6}
  1356 | D:2      | Noticed Robin
  1365 | D:2      | Killed Robin
  1366 | D:2      | Reached XP level 4. HP: 16/28 MP: 4/4
  1680 | D:3      | Reached skill level 1 in Dodging
  1762 | D:2      | Reached XP level 5. HP: 23/33 MP: 5/5
  1859 | D:3      | Found a shimmering blue altar of Sif Muna.
  1885 | D:3      | Identified the +1 cloak "Buaxuz" {*Slow rC++ MP-9 Slay+3}
  2379 | D:4      | Reached XP level 6. HP: 38/38 MP: 0/6
  2380 | D:4      | Noticed a black bear
  2391 | D:4      | Killed a black bear
  2481 | D:4      | Reached skill level 5 in Shields
  2653 | D:4      | Found a staircase to the Ecumenical Temple.
  2663 | Temple   | Entered the Ecumenical Temple
  2688 | Temple   | Became a worshipper of Warmaster Okawaru
  2727 | D:4      | Found a hazy altar of Hepliaklqana.
  2873 | D:5      | Entered Level 5 of the Dungeon
  3027 | D:5      | Reached skill level 5 in Armour
  3027 | D:5      | Reached XP level 7. HP: 42/43 MP: 0/7
  3222 | D:5      | Reached skill level 1 in Invocations
  3457 | D:5      | Noticed Grinder
  3459 | D:5      | Paralysed by Grinder for 2 turns
  3468 | D:5      | Paralysed by Grinder for 5 turns
  3478 | D:5      | Killed Grinder
  3478 | D:5      | Reached * piety under Okawaru
  3561 | D:5      | Found a white marble altar of Elyvilon.
  3807 | D:6      | Reached XP level 8. HP: 48/48 MP: 0/9
  3977 | D:6      | Reached skill level 1 in Evocations
  4129 | D:6      | Reached ** piety under Okawaru
  4149 | D:6      | Reached skill level 5 in Fighting
  4422 | D:6      | Reached skill level 5 in Long Blades
  4476 | D:6      | Reached XP level 9. HP: 51/54 MP: 2/11
  4594 | D:6      | Found a snail-covered altar of Cheibriados.
  4597 | D:6      | Noticed Sigmund
  4607 | D:6      | Killed Sigmund
  4706 | D:6      | Noticed Maggie
  4718 | D:6      | Killed Maggie
  5516 | D:7      | Reached *** piety under Okawaru
  5660 | D:7      | Noticed Menkaure
  5669 | D:7      | Killed Menkaure
  5853 | D:7      | Noticed Duvessa
  5853 | D:7      | Noticed Dowan
  5865 | D:7      | Killed Duvessa
  5871 | D:7      | Killed Dowan
  5888 | D:7      | Found a runed translucent door.
  5888 | D:7      | Found a shimmering altar of Xom.
  5888 | D:7      | Noticed purpskrrrp's ghost (novice DgFi)
  5888 | D:7      | Noticed a +0 dagger of chaos
  6486 | D:7      | Noticed Prince Ribbit
  6598 | D:7      | Reached XP level 10. HP: 60/60 MP: 3/12
  6621 | D:7      | Killed Prince Ribbit
  6865 | D:7      | Reached **** piety under Okawaru
  7789 | D:8      | Found a runed translucent door.
  7789 | D:8      | Noticed drugrobin's ghost (novice DgDe)
  8075 | D:8      | Identified a scroll of acquirement
  8075 | D:8      | Acquired a +2 double sword of freezing
  8145 | D:9      | Noticed a kobold demonologist
  8150 | D:9      | Killed a kobold demonologist
  8167 | D:9      | Found a broken altar of Ashenzari.
  8236 | D:9      | Received a gift from Okawaru
  9057 | D:10     | Entered Level 10 of the Dungeon
  9061 | D:10     | Found a staircase to the Lair.
  9061 | D:10     | Noticed an oklob plant
  9076 | D:10     | Reached ***** piety under Okawaru
  9163 | D:10     | Noticed a centaur warrior
  9179 | D:10     | Killed a centaur warrior
  9180 | D:10     | Reached XP level 11. HP: 29/66 MP: 5/14
  9485 | D:10     | Reached skill level 5 in Invocations
  9498 | D:10     | Received a gift from Okawaru
  9957 | D:10     | Found a staircase to the Orcish Mines.
 10173 | D:10     | Found a blossoming altar of Fedhas.
 10311 | D:10     | Found a burning altar of Makhleb.
 10538 | D:10     | Noticed an oklob plant
 10779 | D:11     | Noticed a sun demon
 10787 | D:11     | Killed a sun demon
 10788 | D:11     | Noticed a soul eater
 10793 | D:11     | Noticed a manticore
 10805 | D:11     | Killed a soul eater
 10808 | D:11     | Killed a manticore
 11104 | D:11     | Noticed a sun demon
 11113 | D:11     | Mangled by a sun demon

Illustrated notes

Levels and vault maps discovered:
D:1:      amcnicky_arrival_choice, layout_basic,
          ebering_ecumenical_altar_petrified, minivault_14
D:2:      layout_rooms, uniq_robin
D:3:      layout_rooms, mainiacjoe_overflow_cross_hatched, nrook_mini_vaults
D:4:      layout_rooms, lemuel_doored_altar, minmay_temple_entry_glassed_door,
          chequers_serial_rivers_room_b
D:5:      layout_loops_ring, elyvilon_altar_4, minmay_tree_intersection,
          uniq_grinder
D:6:      layout_basic, kennysheep_mini, kennysheep_decorative_pillar,
          chequers_decorated_corner, uniq_sigmund, uniq_maggie
D:7:      layout_layer_cave, ebering_ghost_xom, grunt_ministairs_13,
          david_defended_altar_orc, uniq_menkaure, uniq_duvessa,
          uniq_prince_ribbit1
D:8:      layout_loops_ring, gammafunk_ghost_grave, minivault_24
D:9:      layout_basic, ashenzari_conservatory_becter
D:10:     layout_basic, jmf_multi_god_temple, dpeg_oklobed_lair, david_orc_4,
          minmay_misc_feat_iff
D:11:     layout_basic, serial_demonic, serial_demonic_b, serial_demonic_g,
          serial_demonic_b, serial_demonic_d, serial_demonic_c,
          serial_demonic_c, serial_demonic_g, minmay_misc_feat_hallway
Temple:   hellmonk_temple_of_storms

Skill      XL: |  1  2  3  4  5  6  7  8  9 10 11 |
---------------+----------------------------------+-----
Long Blades    | 2 3 4 5 6 7 |  7.7
Shields        | 4 5 6 7 9 |  9.7
Armour         | 4 5 6 7 8 9 |  9.6
Dodging        | 1 2 3 4 |  4.7
Fighting       | 4 5 6 7 |  7.2
Invocations    | 1 2 3 4 5 |  5.5
Evocations     | 1 2 3 4 |  4.4

Action                   |  1- 3 |  4- 6 |  7- 9 | 10-12 || total
-------------------------+-------+-------+-------+-------++-------
Melee: Long sword        |    15 |       |       |       ||    15
       Scimitar          |   138 |   171 |   283 |   101 ||   693
       Double sword      |       |       |       |   228 ||   228
Invok: Heroism           |       |       |     1 |     3 ||     4
  Use: Scroll            |     5 |     6 |     6 |     3 ||    20
       Potion            |       |     1 |     3 |     1 ||     5
Armor: Scale mail        |    15 |       |       |       ||    15
       Chain mail        |    75 |   129 |   174 |    48 ||   426
       Plate armour      |       |       |       |   131 ||   131
Dodge: Dodged            |    71 |   102 |   221 |   175 ||   569
Block: Buckler           |    43 |    43 |    93 |   127 ||   306

Table legend: (Time is in decaauts)
 A = Elapsed time spent in this place.
 B = Non-inter-level travel time spent in this place.
 C = Inter-level travel time spent in this place.
 D = Time resting spent in this place.
 E = Time spent auto-exploring this place.
 F = Levels seen in this place.
 G = Mean time per level.
                   A        B        C        D        E       F      G
               +--------+--------+--------+--------+--------+-----+--------+
         Total |  11304 |  11119 |    185 |    379 |   8605 |  12 |  942.0 |
       Dungeon |  11258 |  11079 |    179 |    379 |   8583 |  11 | 1023.5 |
        Temple |     45 |     39 |      6 |      0 |     22 |   1 |   45.0 |
               +--------+--------+--------+--------+--------+-----+--------+

Top non-repeatable levels by time:
     D:7: 1849 daAuts
    D:10: 1709 daAuts
     D:6: 1565 daAuts
     D:8: 967 daAuts
     D:9: 951 daAuts
     D:2: 936 daAuts
     D:5: 917 daAuts
     D:1: 834 daAuts
     D:3: 582 daAuts
     D:4: 572 daAuts
    D:11: 372 daAuts
  Temple: 45 daAuts
